 Dungeon Crawl Stone Soup version 0.21.0-3-g78d12a8 (webtiles) character file.

3528 Inchmeat the Basher (level 10, -3/56 HPs)
             Began as a Gargoyle Monk on Jan 16, 2018.
             Was a Priest of Ru.
             Slain by a seven-headed hydra (9 damage)
             ... on level 7 of the Dungeon.
             The game lasted 00:17:04 (8907 turns).

Inchmeat the Basher (Gargoyle Monk)                 Turns: 8907, Time: 00:17:05

Health: -3/56      AC: 18    Str: 19    XL:     10   Next: 8%
Magic:  9/9        EV:  7    Int: 10    God:    Ru [***...]
Gold:   375        SH:  0    Dex: 12    Spells: 9/9 levels left

rFire    + . .     SeeInvis .   w - +2 flail (crush)
rCold    . . .     Gourm    .   (shield unavailable)
rNeg     + . .     Faith    .   C - +0 chain mail
rPois    ∞         Spirit   .   s - +0 helmet
rElec    +         Reflect  .   k - +0 cloak
rCorr    .         Harm     .   y - +0 pair of gloves
MR       .....                  (no boots)
Stlth    ..........             (no amulet)
HPRegen  0.18/turn              (ring unavailable)
MPRegen  0.11/turn              t - ring of protection from fire

@: exhausted, very slightly contaminated, drained, invisible
A: low mp 1, negative energy resistance 1, electricity resistance, unbreathing,
petrification resistance, rot immunity, missing a hand, AC +7
a: Draw Out Power, Renounce Religion


You were on level 7 of the Dungeon.
You worshipped Ru.
Ru was most pleased with you.
You were not hungry.

You visited 1 branch of the dungeon, and saw 8 of its levels.

You collected 375 gold pieces.

Inventory:

Hand Weapons
 a - a +0 mace
 w - a +2 flail of crushing (weapon)
Armour
 k - a +0 cloak (worn)
 l - a +0 ring mail
 s - a +0 helmet (worn)
 y - a +0 pair of gloves (worn)
 C - a +0 chain mail (worn)
Magical Staves
 B - an uncursed staff of power {unknown}
Jewellery
 i - an uncursed ring of wizardry
 j - an uncursed ring of see invisible
 t - a ring of protection from fire (right hand)
Wands
 g - a wand of iceblast (6)
 m - a wand of acid (1)
 u - a wand of digging (7)
Scrolls
 d - 6 scrolls of teleportation {unknown}
 h - 2 scrolls of enchant weapon {unknown}
 n - 7 scrolls of remove curse {@r2}
 p - 2 scrolls of identify {@r1}
Potions
 e - 2 potions of cancellation
 f - 2 potions of curing {@q1}
 o - 3 potions of lignification {unknown}
 q - 3 potions of brilliance {unknown}
 r - 2 potions of ambrosia
 x - a potion of might {unknown}
 z - 4 potions of heal wounds {unknown}
 A - a potion of agility
 E - a potion of resistance
 F - a potion of mutation {unknown}
Comestibles
 c - 12 rations


   Skills:
 - Level 3.3(2.6) Fighting
 + Level 13.8(12.9) Maces & Flails
 - Level 2.4(1.8) Dodging
 - Level 2.3(1.6) Stealth


You had 9 spell levels left.
You didn't know any spells.

Dungeon Overview and Level Annotations

Branches:
Dungeon (8/15)             Temple (0/1) D:5
   Lair: D:8-11

Altars:
Cheibriados
Gozag
Kikubaaqudgha
Makhleb
Qazlal
Ru
Trog
Zin

Shops:
D:2 *

Annotations:
D:3 2 transporters
D:8 Grum


Innate Abilities, Weirdness & Mutations

You are resistant to torment.
Your stone body is resilient. (AC +7)
You are immune to poison.
Your magical capacity is low. (-10% MP)
You resist negative energy. (rN+)
You are resistant to electric shocks. (rElec)
You can survive without breathing.
You are immune to petrification.
You are immune to rotting.
You are missing a hand.


Message History

Tha sev'n-headed hydra bites ye.
Ye barely miss tha sev'n-headed hydra.
Tha sev'n-headed hydra be severely wounded.
Tha sev'n-headed hydra bites ye but does nay damage.
Tha sev'n-headed hydra bites ye.
Tha sev'n-headed hydra closely misses ye.
Tha sev'n-headed hydra bites ye but does nay damage.
Tha sev'n-headed hydra bites ye. x2
* * * LOW HITPOINT WARNIN'
* * * Tha sev'n-headed hydra bites ye but does nay damage.
Evoke which item? (* ta show all) (? fer menu, 'sc ta quit) Okay, than.
As ye read tha scroll labeled IWUILE ZUSADOEPS, it crumbles ta dust.
Ye feel momn'tarily disoriented.
It was a scroll o' magic mappin'.
Tha sev'n-headed hydra bites ye but does nay damage.
Tha sev'n-headed hydra barely misses ye.
Tha sev'n-headed hydra bites ye!
* * * LOW HITPOINT WARNIN'
* * * Tha sev'n-headed hydra bites ye!
Ye die...

.................#......#
.................#....###
...........(.....#....#
..........##.######..##
#######.####.######.########
####................###....#
....................##.....#
###.##.....................#
...............D@......#####
#...###..............###
#.#####.#.#.#.......##
#.##........##.......#
.......#######....[..#
......## #.......# .....##
##.....## ....## ##...##
....# #####


You could see a seven-headed hydra.

Vanquished Creatures
  The ghost of SomeFlowers the Martial Artist, a novice OpTm of Qazlal (D:5)
  2 hippogriffs
  Edmund (D:4)
  An ice beast (D:7)
  2 phantoms
  2 ogres
  5 centaurs
  A necrophage (D:7)
  A big kobold (D:8)
  A bullfrog (D:6)
  9 killer bees
  A howler monkey (D:4)
  4 wights (D:7)
  2 crimson imps
  7 hounds
  2 jellies
  4 orc priests
  An orc wizard (D:6)
  Ijyb (D:4)
  Natasha (thrice) (D:4)
  9 worker ants
  2 worker ant zombies
  Robin (D:4)
  12 gnolls
  6 adders
  2 shadow imps
  3 oozes
  An adder skeleton (D:7)
  5 worms
  A dart slug (D:2)
  8 leopard geckos
  17 orcs
  6 giant cockroaches
  9 goblins
  5 hobgoblins
  4 jackals (D:2)
  4 quokkas
  5 bats
  4 frilled lizards
  10 kobolds
  A leopard gecko skeleton (D:4)
  A quokka skeleton (D:7)
  10 rats
177 creatures vanquished.

Vanquished Creatures (others)
  An orc wizard (D:3)
  A worker ant (D:8)
  An adder (D:8)
3 creatures vanquished.

Grand Total: 180 creatures vanquished

Notes
Turn   | Place    | Note
-------+----------+-------------------------------------------
     0 | D:1      | Inchmeat the Gargoyle Monk began the quest for the Orb.
     0 | D:1      | Reached XP level 1. HP: 14/14 MP: 1/1
   527 | D:1      | Reached XP level 2. HP: 11/19 MP: 2/2
  1646 | D:2      | Reached skill level 4 in Maces & Flails
  1646 | D:2      | Reached XP level 3. HP: 18/23 MP: 3/3
  1656 | D:2      | HP: 1/23 [worm (8)]
  2433 | D:2      | Reached XP level 4. HP: 25/28 MP: 4/4
  2558 | D:2      | Found Gozag's Platinum Reserve.
  2697 | D:2      | Reached skill level 5 in Maces & Flails
  2762 | D:2      | Found an opulent altar of Gozag.
  2881 | D:2      | Noticed a phantom
  2967 | D:2      | Killed a phantom
  2967 | D:2      | Reached skill level 6 in Maces & Flails
  2967 | D:2      | Reached XP level 5. HP: 17/32 MP: 5/5
  3460 | D:3      | Found a transporter.
  3474 | D:3      | Noticed a yak
  3477 | D:3      | Noticed a black bear
  3481 | D:3      | Reached XP level 6. HP: 37/37 MP: 6/6
  3508 | D:3      | Found a transporter.
  3652 | D:3      | Found a sacrificial altar of Ru.
  3846 | D:3      | Became a worshipper of Ru the Awakened
  3854 | D:3      | Gained mutation: You are missing a hand. [Ru sacrifice]
  3854 | D:3      | Reached * piety under Ru
  3854 | D:3      | Reached ** piety under Ru
  3854 | D:3      | Reached *** piety under Ru
  4104 | D:4      | Noticed Natasha
  4106 | D:3      | Found an ancient bone altar of Kikubaaqudgha.
  4236 | D:3      | Reached skill level 7 in Maces & Flails
  4673 | D:4      | Killed Natasha
  4676 | D:4      | Noticed Natasha
  4677 | D:4      | Found a burning altar of Makhleb.
  4691 | D:4      | Killed Natasha
  4735 | D:4      | Reached XP level 7. HP: 34/41 MP: 7/7
  4780 | D:4      | Noticed Ijyb
  4832 | D:4      | Killed Ijyb
  5155 | D:4      | Reached skill level 8 in Maces & Flails
  5594 | D:4      | Noticed Natasha
  5611 | D:4      | Killed Natasha
  5880 | D:4      | Noticed Edmund
  5911 | D:4      | Killed Edmund
  6208 | D:4      | Reached skill level 9 in Maces & Flails
  6208 | D:4      | Reached XP level 8. HP: 40/46 MP: 8/8
  6454 | D:4      | Noticed Robin
  6464 | D:4      | Killed Robin
  6566 | D:5      | Entered Level 5 of the Dungeon
  6666 | D:5      | Reached skill level 10 in Maces & Flails
  6771 | D:5      | Found a staircase to the Ecumenical Temple.
  6917 | D:5      | Noticed SomeFlowers's ghost (novice OpTm)
  6942 | D:5      | Killed SomeFlowers's ghost
  6942 | D:5      | Reached skill level 11 in Maces & Flails
  6942 | D:5      | Reached XP level 9. HP: 31/51 MP: 9/9
  7040 | D:5      | Found a snail-covered altar of Cheibriados.
  7379 | D:6      | Found a stormy altar of Qazlal.
  7461 | D:6      | Found a bloodstained altar of Trog.
  7490 | D:6      | Found a glowing silver altar of Zin.
  7790 | D:7      | Reached skill level 12 in Maces & Flails
  8058 | D:7      | Gained mutation: Your magical capacity is low. (-10% MP) [Ru sacrifice]
  8308 | D:7      | Reached skill level 13 in Maces & Flails
  8699 | D:8      | Reached XP level 10. HP: 53/56 MP: 9/9
  8743 | D:8      | Noticed a seven-headed hydra
  8747 | D:8      | Noticed Grum
  8907 | D:7      | Slain by a seven-headed hydra

Skill      XL: |  1  2  3  4  5  6  7  8  9 |
---------------+----------------------------+-----
Maces & Flails | 4 6 7 9 11 13 | 13.8
Fighting       | |  3.3
Dodging        | |  2.4
Stealth        | |  2.3

Action                   |  1- 3 |  4- 6 |  7- 9 | 10-12 || total
-------------------------+-------+-------+-------+-------++-------
Melee: Mace              |   114 |   228 |   152 |       ||   494
       Flail             |       |       |   335 |    13 ||   348
Invok: Sacrifice a Hand  |       |     1 |       |       ||     1
       Draw Out Power    |       |       |     3 |     2 ||     5
       Sacrifice Essence |       |       |     1 |       ||     1
Evoke: Wand              |       |       |       |     5 ||     5
  Use: Scroll            |     3 |     4 |     1 |     1 ||     9
       Potion            |       |     1 |       |     2 ||     3
 Stab: Sleeping          |     3 |       |     3 |       ||     6
       Invisible         |       |     5 |     2 |     1 ||     8
       Distracted        |       |       |     1 |       ||     1
  Eat: Ration            |     1 |       |     1 |       ||     2
       Chunk             |     1 |     7 |    12 |       ||    20
Armor: Robe              |    35 |       |       |       ||    35
       Ring mail         |     3 |   137 |   102 |       ||   242
       Chain mail        |       |       |   106 |    64 ||   170
Dodge: Dodged            |    77 |   157 |   205 |    35 ||   474
